 Dungeon Crawl Stone Soup version 0.21.0-3-g78d12a8 (webtiles) character file.

3111 MTVSty1e the Cleaver (level 10, -22/70 HPs)
             Began as a Formicid Fighter on Jan 10, 2018.
             Was a Priest of Okawaru.
             Annihilated by an orc warrior
             ... wielding a +0 halberd
              (34 damage)
             ... in a bailey.
             The game lasted 00:11:42 (5897 turns).

MTVSty1e the Cleaver (Formicid Fighter)             Turns: 5897, Time: 00:11:43

Health: -22/70     AC:  6    Str: 27    XL:     10   Next: 13%
Magic:  10/10      EV: 13    Int: 13    God:    Okawaru [***...]
Gold:   323        SH:  4    Dex: 10    Spells: 9/9 levels left

rFire    . . .     SeeInvis +   a - +1 war axe
rCold    . . .     Gourm    .   w - +0 buckler "Zokluzxi" {MR+ rCorr Str+3}
rNeg     . . .     Faith    .   b - +0 scale mail
rPois    .         Spirit   .   (helmet unavailable)
rElec    .         Reflect  .   (no cloak)
rCorr    +         Harm     .   (no gloves)
MR       ++...                  (no boots)
Stlth    ..........             o - amulet of regeneration
HPRegen  0.61/turn              n - +5 ring of intelligence
MPRegen  0.12/turn              v - +3 ring of evasion

@: no status effects
A: permanent stasis, dig shafts and tunnels, four strong arms, antennae 3
a: Dig, Shaft Self, Heroism, Renounce Religion


You were in a bailey.
You worshipped Okawaru.
Okawaru was most pleased with you.
You were not hungry.

You visited 2 branches of the dungeon, and saw 8 of its levels.
You also visited: Bailey.

You collected 323 gold pieces.

Inventory:

Hand Weapons
 a - a +1 war axe (weapon)
 p - a +1 halberd of protection
 u - a +1 flail of protection
Armour
 b - a +0 scale mail (worn)
 c - a +0 shield
 w - the +0 buckler "Zokluzxi" (worn) {MR+ rCorr Str+3}
   (You found it on level 5 of the Dungeon)

   It affects your strength (+3).
   It affects your resistance to hostile enchantments.
   It protects you from acid and corrosion.
Jewellery
 n - a +5 ring of intelligence (left hand)
 o - an amulet of regeneration (around neck)
 v - a +3 ring of evasion (right hand)
Wands
 k - a wand of random effects (23)
 l - a wand of digging (7)
 y - a wand of flame (20)
Scrolls
 d - 2 scrolls of enchant weapon
 j - 4 scrolls of identify {unknown}
 r - 4 scrolls of remove curse {unknown}
 s - 3 scrolls of amnesia {unknown}
Potions
 e - a potion of mutation {unknown}
 g - 4 potions of curing {unknown}
 h - a potion of resistance {unknown}
 i - 2 potions of ambrosia
 m - 2 potions of lignification {unknown}
 t - 2 potions of flight {unknown}
 x - a potion of invisibility {unknown}
 z - 2 potions of haste {unknown}
Comestibles
 f - 10 rations


   Skills:
 - Level 3.2 Fighting
 + Level 13.1 Axes
 - Level 3.2 Armour
 - Level 3.6 Shields


You had 9 spell levels left.
You didn't know any spells.

Dungeon Overview and Level Annotations

Branches:
Dungeon (7/15)             Temple (1/1) D:4

Altars:
Ashenzari
Cheibriados
Dithmenos
Elyvilon
Fedhas
Gozag
Hepliaklqana
Nemelex Xobeh
Okawaru
Qazlal
Ru
Trog
Uskayaw
Wu Jian
Xom
Yredelemnul
Zin
The Shining One


Innate Abilities, Weirdness & Mutations

You cannot be hasted, slowed, berserked, paralysed or teleported.
You can dig through walls and to a lower floor.
Your four strong arms can wield two-handed weapons with a shield.
You have a pair of large antennae on your head. (SInv)


Message History

The orc warrior moves out of view.
The orc knight roars a battlecry!
The orcs go into a battle-frenzy!
The orc warrior misses you.
You closely miss the orc warrior. The orc closely misses you.
The orc warrior hits you from afar with a halberd!!
You slash the orc warrior!
The orc warrior is moderately wounded.
The orc warrior closely misses you.
You hit the orc warrior.
The orc warrior is moderately wounded.
You block the orc's attack.
The orc warrior hits you from afar with a halberd!
The orc warrior hits you with a halberd!!
* * * LOW HITPOINT WARNING * * *
The orc warrior hits you from afar with a halberd.
* * * LOW HITPOINT WARNING * * *
The orc warrior barely misses you.
The orc warrior hits you from afar with a halberd!!
You die...

##### ##∩## ####
.....##...##....
.≈≈≈..#...#..≈≈≈
≈≈o≈≈.......≈≈o≈
≈.oo≈.......≈oo
≈≈o≈≈.oo.o..≈≈o
.≈≈≈..#..o#..≈≈
..o.. #.∩.# .
#### ##@## ###


You could see 3 orc warriors and an orc.

Vanquished Creatures
  Pikel (D:7)
  A hippogriff (D:7)
  The ghost of Ymberto the Skirmisher, an amateur HuFi (D:3)
  Menkaure (D:7)
  Edmund (D:4)
  Duvessa (D:7)
  A sky beast (D:5)
  A phantom (D:7)
  3 slaves
  4 ogres
  2 centaurs (D:6)
  2 bullfrogs
  Dowan (D:7)
  2 scorpions (D:4)
  3 howler monkeys
  A crimson imp (D:5)
  4 quasits (D:6)
  A bullfrog skeleton (D:4)
  A jelly (D:6)
  A centaur skeleton (D:4)
  3 hounds
  3 orc priests (D:6)
  5 orc wizards
  3 worker ants
  2 hound skeletons
  A worker ant zombie (D:6)
  8 gnolls
  7 adders
  A shadow imp (D:5)
  An ooze (D:2)
  A worm (D:2)
  3 dart slugs (D:2)
  4 leopard geckos
  17 orcs
  7 giant cockroaches
  8 goblins
  6 hobgoblins
  14 jackals
  14 kobolds
  5 quokkas
  6 bats
  12 frilled lizards
  A jackal zombie (D:5)
  A leopard gecko skeleton (D:5)
  10 rats
176 creatures vanquished.

Notes
Turn   | Place    | Note
-------+----------+-------------------------------------------
     0 | D:1      | MTVSty1e the Formicid Fighter began the quest for the Orb.
     0 | D:1      | Reached XP level 1. HP: 18/18 MP: 1/1
    30 | D:1      | Reached XP level 2. HP: 17/24 MP: 2/2
    58 | D:1      | Reached skill level 3 in Axes
   382 | D:1      | Reached XP level 3. HP: 18/29 MP: 3/3
  1003 | D:2      | Found a hazy altar of Hepliaklqana.
  1027 | D:2      | Reached skill level 4 in Axes
  1027 | D:2      | Reached XP level 4. HP: 35/35 MP: 4/4
  1443 | D:2      | Reached XP level 5. HP: 29/41 MP: 5/5
  1837 | D:2      | Reached skill level 5 in Axes
  2403 | D:3      | Reached XP level 6. HP: 45/47 MP: 6/6
  2405 | D:3      | Reached skill level 6 in Axes
  2433 | D:3      | Found an iron altar of Okawaru.
  2759 | D:3      | Found a shattered altar of Ashenzari.
  2926 | D:3      | Noticed Ymberto's ghost (amateur HuFi)
  2933 | D:3      | Killed Ymberto's ghost
  2933 | D:3      | Reached XP level 7. HP: 47/52 MP: 7/7
  3106 | D:4      | Reached skill level 7 in Axes
  3221 | D:4      | Reached skill level 8 in Axes
  3386 | D:4      | Reached XP level 8. HP: 38/58 MP: 8/8
  3424 | D:4      | Noticed Edmund
  3446 | D:4      | Killed Edmund
  3446 | D:4      | Reached skill level 9 in Axes
  3578 | D:4      | Found a staircase to the Ecumenical Temple.
  3656 | D:5      | Entered Level 5 of the Dungeon
  3723 | Temple   | Entered the Ecumenical Temple
  3875 | D:3      | Became a worshipper of Warmaster Okawaru
  4294 | D:5      | Reached skill level 10 in Axes
  4307 | D:5      | Got a pitted buckler
  4318 | D:5      | Identified the +0 buckler "Zokluzxi" {MR+ rCorr Str+3} (You found it on level 5 of the Dungeon)
  4580 | D:5      | Found a basalt altar of Yredelemnul.
  4580 | D:5      | Found a hide-covered altar of Uskayaw.
  4700 | D:6      | Reached * piety under Okawaru
  4715 | D:6      | Reached XP level 9. HP: 64/64 MP: 9/9
  4824 | D:6      | Found a stormy altar of Qazlal.
  4977 | D:6      | Found a blossoming altar of Fedhas.
  4990 | D:6      | Reached skill level 11 in Axes
  5507 | D:7      | Noticed Menkaure
  5509 | D:7      | Noticed a hippogriff
  5518 | D:7      | Killed Menkaure
  5525 | D:7      | Killed a hippogriff
  5525 | D:7      | Reached ** piety under Okawaru
  5525 | D:7      | Reached skill level 12 in Axes
  5526 | D:7      | Found a shimmering altar of Xom.
  5528 | D:7      | Found a bloodstained altar of Trog.
  5583 | D:7      | Noticed Duvessa
  5585 | D:7      | Noticed Dowan
  5772 | D:7      | Killed Duvessa
  5773 | D:7      | Noticed Pikel
  5812 | D:7      | Killed Pikel
  5812 | D:7      | Reached *** piety under Okawaru
  5812 | D:7      | Reached skill level 13 in Axes
  5812 | D:7      | Reached XP level 10. HP: 60/70 MP: 7/10
  5824 | D:7      | Killed Dowan
  5871 | D:7      | Found a flagged portal.
  5886 | Bailey   | Entered a bailey
  5888 | Bailey   | Noticed an orc knight
  5888 | Bailey   | Noticed an orc knight
  5897 | Bailey   | Annihilated by an orc warrior

Skill      XL: |  1  2  3  4  5  6  7  8  9 |
---------------+----------------------------+-----
Axes           | 3 4 5 6 8 10 13 | 13.1
Fighting       | |  3.2
Armour         | |  3.2
Shields        | |  3.6

Action                   |  1- 3 |  4- 6 |  7- 9 | 10-12 || total
-------------------------+-------+-------+-------+-------++-------
Melee: War axe           |   103 |   182 |   334 |    14 ||   633
Invok: Heroism           |       |       |     3 |       ||     3
 Abil: Dig               |       |       |     1 |       ||     1
  Use: Potion            |       |     1 |     3 |       ||     4
       Scroll            |       |       |     5 |       ||     5
  Eat: Chunk             |       |     3 |     1 |       ||     4
       Ration            |       |     1 |     3 |       ||     4
Armor: Scale mail        |    58 |    63 |   151 |     4 ||   276
Dodge: Dodged            |    41 |    48 |   285 |     9 ||   383
Block: Shield            |    64 |    88 |    80 |       ||   232
       Buckler           |       |       |    60 |     2 ||    62
